 Dungeon Crawl Stone Soup version 0.22.0 (webtiles) character file.

91 HandsomeConkers the Skirmisher (level 4, -1/30 HPs)
             Began as a Gargoyle Monk on Aug 10, 2018.
             Was a Believer of the Shining One.
             Slain by Ijyb (2 damage)
             ... on level 3 of the Dungeon.
             The game lasted 00:14:24 (2922 turns).

HandsomeConkers the Skirmisher (Gargoyle Monk)      Turns: 2922, Time: 00:14:25

Health: -1/30      AC:  5    Str: 16    XL:     4   Next: 59%
Magic:  4/4        EV: 12    Int: 10    God:    the Shining One [**....]
Gold:   51         SH:  0    Dex: 12    Spells: 3/3 levels left

rFire    . . .     SeeInvis .   a - +0 mace
rCold    . . .     Gourm    .   (no shield)
rNeg     + + .     Faith    .   b - +0 robe
rPois    ∞         Spirit   .   (no helmet)
rElec    +         Reflect  .   (no cloak)
rCorr    .         Harm     .   (no gloves)
MR       .....                  (no boots)
Stlth    +.........             (no amulet)
HPRegen  0.10/turn              (no ring)
MPRegen  0.09/turn              (no ring)

@: glowing
A: negative energy resistance 1, electricity resistance, unbreathing,
petrification resistance, rot immunity, AC +3
a: Divine Shield, Renounce Religion


You were on level 3 of the Dungeon.
You worshipped the Shining One.
The Shining One was pleased with you.
You were hungry.

You visited 1 branch of the dungeon, and saw 3 of its levels.

You collected 51 gold pieces.

Inventory:

Hand Weapons
 a - a +0 mace (weapon)
 m - a +0 hunting sling
 s - a +0 whip
Missiles
 d - 50 arrows
 e - 50 stones (quivered)
 g - 9 poisoned needles
 l - a throwing net
 n - 15 sling bullets
Armour
 b - a +0 robe (worn)
 h - a +0 robe
 i - a +0 helmet
 o - a +0 pair of gloves
Scrolls
 p - a scroll of identify
 r - a scroll of fear {unknown}
 u - a scroll of teleportation {unknown}
Potions
 f - a potion of brilliance
 j - a potion of cancellation {unknown}
 k - 2 potions of haste {unknown}
 q - a potion of lignification {unknown}
 v - a potion of mutation {unknown}
Comestibles
 c - 4 rations
 t - 2 chunks of flesh


   Skills:
 * Level 4.4 Fighting
 + Level 3.5 Maces & Flails
 * Level 0.2 Throwing
 + Level 1.6 Armour
 - Level 2.4 Dodging
 + Level 3.0 Stealth


You had 3 spell levels left.
You didn't know any spells.
Your spell library was empty.

Dungeon Overview and Level Annotations

Branches:
Dungeon (3/15)

Altars:
The Shining One

Annotations:
D:3 Ijyb


Innate Abilities, Weirdness & Mutations

You are resistant to torment.
Your stone body is resilient. (AC +3)
You are immune to poison.
You resist negative energy. (rN+)
You are resistant to electric shocks. (rElec)
You can survive without breathing.
You are immune to petrification.
You are immune to rotting.


Message History

Ijyb hits you but does no damage.
You hit Ijyb.
Ijyb is heavily wounded.
An adder comes into view.
Ijyb barely misses you.
You thump Ijyb!
Ijyb is severely wounded.
Ijyb hits you but does no damage.
You hit Ijyb but do no damage.
Ijyb is severely wounded.
Ijyb hits you.
* * * LOW HITPOINT WARNING * * *
You hit Ijyb but do no damage.
Ijyb is severely wounded.
You are feeling hungry.
The adder bites you but does no damage.
Ijyb zaps a wand.
The puff of flame hits you!
* * * LOW HITPOINT WARNING * * *
The adder closely misses you. Ijyb hits you.
You die...

..... #.... +...#
###...#### .
...#....# ..
#......# ...
#......# ....
#.†....#
.....###†g@..##
.........##S####
......#...........#
....# #...........#
......#...........#
#.<..........#
#....(.>....####
#...........#
#...........#


You could see Ijyb and an adder.

Vanquished Creatures
  2 adders (D:2)
  3 worms (D:2)
  2 dart slugs
  A leopard gecko (D:1)
  A ball python (D:2)
  2 giant cockroaches
  9 goblins
  3 hobgoblins
  6 jackals
  8 kobolds
  A quokka (D:2)
  8 bats
  6 frilled lizards
  5 rats
57 creatures vanquished.

Notes
Turn   | Place    | Note
-------+----------+-------------------------------------------
     0 | D:1      | HandsomeConkers the Gargoyle Monk began the quest for the Orb.
     0 | D:1      | Reached XP level 1. HP: 14/14 MP: 1/1
   283 | D:1      | Reached XP level 2. HP: 19/19 MP: 2/2
  1025 | D:1      | Reached skill level 1 in Armour
  1130 | D:1      | Reached XP level 3. HP: 24/24 MP: 3/3
  1515 | D:2      | Reached skill level 4 in Fighting
  1771 | D:2      | Reached XP level 4. HP: 21/29 MP: 4/4
  2336 | D:2      | Found a glowing golden altar of the Shining One.
  2340 | D:2      | Became a worshipper of the Shining One
  2340 | D:2      | Reached * piety under the Shining One
  2340 | D:2      | Reached ** piety under the Shining One
  2901 | D:3      | Noticed Ijyb
  2922 | D:3      | HP: 1/30 [Ijyb/wand of flame (15) (5)]
  2922 | D:3      | Slain by Ijyb

Skill      XL: |  1  2  3  4 |
---------------+-------------+-----
Armour         | 1 |  1.6
Fighting       | 4 |  4.4
Stealth        | 3 |  3.0
Maces & Flails | |  3.5
Throwing       | |  0.2
Dodging        | |  2.4

Action                   |  1- 3 |  4- 6 || total
-------------------------+-------+-------++-------
Melee: Mace              |   108 |    55 ||   163
Throw: Stone             |    69 |    45 ||   114
  Use: Scroll            |     1 |       ||     1
 Stab: Sleeping          |     1 |       ||     1
  Eat: Chunk             |     3 |     3 ||     6
Armor: Robe              |    40 |    22 ||    62
Dodge: Dodged            |    99 |    35 ||   134
